[Event "2. Itzehoer Schach Open"]
[Site "Itzehoe, Germany"]
[Date "2023.04.30"]
[Round "3.4"]
[White "Nahnsen, Kenneth"]
[Black "Knuedel, Torben"]
[Result "1-0"]
[TimeControl "90 min / 40 Züge + 30 min + 30 Sek pro Zug"]
[WhiteElo "2021"]
[BlackElo "2250"]

1. d4 Nf6 2. c4 e6 3. g3 d5 4. Bg2 Be7 5. Nf3 O-O 6. O-O dxc4 7. Qc2 a6 8. a4 Bd7 9. Qxc4 Bc6 10.
Bf4 Bd6 11. Nc3 Bxf4 12. gxf4 Nbd7 13. e3 Nb6 14. Qe2 Qe7 15. Kh1 Qb4 16. Rg1 Nxa4 17. Nxa4 Bxa4 18. Ne5 Rad8 19. Qe1 Qxe1 20.
Rgxe1 Be8 21. Bxb7 Rb8 22. Bxa6 Rxb2 23. Re2 Rxe2 24. Bxe2 Nd5 25. Bf3 Bb5 26. Rc1 f6 27. Nc6 Kf7 28.
Na7 Bd3 29. Bxd5 exd5 30. Rxc7+ Kg6 31. Kg2 Rb8 32. Rc3 Be4+ 33. f3 Rb2+ 34. Kg3 Bb1 35. Nc8 Ba2 36. Ne7+ Kh6 37. e4 Rb7 38.
Nf5+ Kg6 39. Ne3 Rb4 40. f5+ Kf7 41. Rc7+ Kf8 42. Rc2 Bb3 43. Rb2 dxe4 44. fxe4 Rxd4 45. Rxb3 Rxe4 46. Kf3 Rh4 47.
Rb8+ Kf7 48. Rb7+ Kf8 49. Kg3 Re4 50. Nd5 Re5 51. Nf4 Rxf5 52. Ne6+ Kg8 53. Rxg7+ Kh8 54. Rf7 h5 55. Nf4 Kg8 56.
Ra7 Rg5+ 57. Kf3 Rf5 58. Rd7 Ra5 59. Rd5 Ra3+ 60. Ke4 h4 61. Kf5 h3 62. Rd3 Ra5+ 63. Kxf6 Ra6+ 64. Ne6 Ra4 65.
Rd8+ 1-0

[Event "2. Itzehoer Schach Open"]
[Site "Itzehoe, Germany"]
[Date "2023.04.30"]
[Round "3.20"]
[White "Fuhrmann, Jeppe"]
[Black "Quiring, Nikolai"]
[Result "0-1"]
[TimeControl "90 min / 40 Züge + 30 min + 30 Sek pro Zug"]
[WhiteElo "1379"]
[BlackElo "1880"]

1. e4 e6 2. d4 d5 3. e5 c5 4. c3 Nc6 5. Nf3 Nge7 6. Na3 cxd4 7. cxd4 Nf5 8. Nc2 Qb6 9. a3 a5 10.
Be2 Be7 11. O-O O-O 12. Rb1 Kh8 13. Qd2 Bd7 14. Rd1 f6 15. Ne3 fxe5 16. dxe5 Nxe3 17. Qxe3 Bc5 18. Qc3 Bxf2+ 19. Kh1 Rac8 20.
Qd3 Rf5 21. b3 Nxe5 22. Qd2 Ng4 23. Nd4 Be3 0-1

[Event "2. Itzehoer Schach Open"]
[Site "Itzehoe, Germany"]
[Date "2023.04.30"]
[Round "3.24"]
[White "Ploog, Jakob"]
[Black "Krumschmidt, Michael"]
[Result "1-0"]
[TimeControl "90 min / 40 Züge + 30 min + 30 Sek pro Zug"]
[WhiteElo "1392"]
[BlackElo "1720"]

1. e4 c5 2. Nf3 d6 3. d4 cxd4 4. c3 Nf6 5. Bd3 Nc6 6. cxd4 Bg4 7. Be3 Qa5+ 8. Bd2 Qb6 9. d5 Ne5 10.
Bc3 Nfd7 11. Be2 e6 12. Nxe5 Bxe2 13. Nxd7 1-0

[Event "2. Itzehoer Schach Open"]
[Site "Itzehoe, Germany"]
[Date "2023.04.30"]
[Round "3.12"]
[White "Kosanke, Stefan"]
[Black "Spieker, Hans-Joachim"]
[Result "1-0"]
[TimeControl "90 min / 40 Züge + 30 min + 30 Sek pro Zug"]
[WhiteElo "1933"]
[BlackElo "1747"]

1. Nf3 Nf6 2. c4 g6 3. Nc3 c5 4. g3 b6 5. Bg2 Bb7 6. O-O Bg7 7. d3 O-O 8. Bf4 d6 9. Qd2 Re8 10.
e4 Nc6 11. Rae1 Nd4 12. Nxd4 cxd4 13. Nd5 e5 14. Bg5 Bxd5 15. cxd5 Qd7 16. f4 Rac8 17. f5 gxf5 18. Rxf5 Nxd5 19. Ref1 Ne3 20. Bxe3 dxe3 21. Qxe3 f6 22.
Qf3 Rf8 23. g4 Qe7 24. Qd1 Qc7 25. Rh5 Qc5+ 26. Kh1 Qe3 27. Qb3+ Kh8 28. Rh3 Qd2 29. Rhf3 Rc1 30. Rxc1 Qxc1+ 31. Rf1 Qc5 32. h4 Qe3 33. Kh2 Bh6 34. Rf3 Bf4+ 35. Kh3 Qc5 36. Qe6 Qc7 37. d4 Kg7 38. Rc3 Qd8 39. d5 Rf7 40.
Rc6 Rd7 41. Bf3 Be3 42. b4 a5 43. a3 axb4 44. axb4 Bd2 45. g5 fxg5 46. hxg5 Bxg5 47. Bg4 Re7 48. Qxd6 Qxd6 49. Rxd6 Be3 50.
Rc6 h6 51. Bh5 Ra7 52. d6 Ra2 53. Kg4 Kf6 54. d7+ Ke7 55. Be8 Rd2 56.
Kf3 Bg1 57. Rxh6 Rb2 58. Rg6 Bd4 59. Rd6 Kd8 60. Rc6 1-0

[Event "2. Itzehoer Schach Open"]
[Site "Itzehoe, Germany"]
[Date "2023.04.30"]
[Round "3.26"]
[White "Trzcielinski, Jens"]
[Black "Eitel, Luc"]
[Result "1-0"]
[TimeControl "90 min / 40 Züge + 30 min + 30 Sek pro Zug"]
[WhiteElo "1693"]
[BlackElo "1383"]

1. e4 c5 2. Nc3 d6 3. g3 g6 4. Bg2 Bg7 5. d3 Nc6 6. Be3 Nf6 7. Nge2 Be6 8. O-O O-O 9. f4 Qb6 10.
f5 Bd7 11. Kh1 Ng4 12. Bg1 Nge5 13. Rb1 Qa5 14. h3 Rac8 15. Be3 b5 16. a3 Rfd8 17. Qc1 Be8 18. Bg5 Rd7 19. f6 exf6 20.
Bxf6 Bxf6 21. Rxf6 Ne7 22. h4 Ng4 23. Rf4 h5 24. Bh3 f5 25. Bxg4 hxg4 26. Rf2 b4 27. Na2 Bf7 28. c4 Kg7 29.
Qg5 fxe4 30. Qf6+ Kh6 31. Qxf7 Qd8 32. Qf4+ Kh7 33. dxe4 Qg8 34. Qxg4 Qxc4 35. Qxd7 Qxe4+ 36. Kh2 Qxb1 37.
Qxe7+ Kh8 38. Nf4 Qxa2 39. Nxg6+ Kg8 40. Qf6 Kh7 41. Nf8+ Rxf8 42. Qxf8 Qe6 43. Qf5+ Qxf5 44. Rxf5 bxa3 45.
bxa3 Kg6 46. Rd5 c4 47. Rxd6+ Kf5 48. Rc6 a5 49. Rxc4 a4 50. Rxa4 Kg6 51. Ra5 Kh6 52. Kh3 Kg6 53. Kg4 1-0

[Event "2. Itzehoer Schach Open"]
[Site "Itzehoe, Germany"]
[Date "2023.04.30"]
[Round "3.8"]
[White "Kitschke, Heiko"]
[Black "Moysich, Dirk"]
[Result "0-1"]
[TimeControl "90 min / 40 Züge + 30 min + 30 Sek pro Zug"]
[WhiteElo "2027"]
[BlackElo "1860"]

1. e4 d6 2. d4 Nf6 3. Nc3 e5 4. Nf3 exd4 5. Nxd4 Be7 6. Be3 O-O 7. Be2 Re8 8. g4 d5 9. e5 Ne4 10.
Nxe4 dxe4 11. Qd2 a6 12. Qc3 c5 13. Nb3 Nc6 14. Bxc5 Bxc5 15. Qxc5 Nxe5 16. h3 b6 17. Qd4 Nf3+ 18.
Bxf3 exf3+ 19. Kf1 Qe7 20. Kg1 Bb7 21. Qf4 Rad8 22. Nd4 Qb4 23. Rd1 Re4 24. Qc7 Rdxd4 25. Rxd4 Qe1+ 0-1

[Event "2. Itzehoer Schach Open"]
[Site "Itzehoe, Germany"]
[Date "2023.04.30"]
[Round "3.29"]
[White "Moeller, Patrick"]
[Black "Rick, Niklas Corvin"]
[Result "0-1"]
[TimeControl "90 min / 40 Züge + 30 min + 30 Sek pro Zug"]
[WhiteElo "1343"]
[BlackElo "1672"]

1. c4 Nf6 2. g3 e6 3. Bg2 d5 4. cxd5 exd5 5. d4 c6 6. e3 Bf5 7. Nc3 Be7 8. Nge2 O-O 9. O-O Qc8 10.
Re1 Nbd7 11. Nf4 Re8 12. e4 dxe4 13. Nxe4 Nxe4 14. Bxe4 Bxe4 15. Rxe4 Nf6 16. Re2 Bd6 17. Nd3 Qd7 18.
Bg5 Nd5 19. Qd2 Rxe2 20. Qxe2 Re8 21. Qd2 Qf5 22. Be3 h5 23. h4 Qf3 24. Ne1 Qg4 25. a3 Nxe3 26. fxe3 Qxg3+ 27. Kf1 Rxe3 28.
Qf2 Qh3+ 29. Kg1 Rg3+ 30. Ng2 Rg6 31. Re1 Qh2+ 32. Kf1 Rf6 33. Qxf6 gxf6 34. b4 Bg3 0-1

[Event "2. Itzehoer Schach Open"]
[Site "Itzehoe, Germany"]
[Date "2023.04.30"]
[Round "3.9"]
[White "Carsten, Juergen"]
[Black "Martin, Dennis"]
[Result "0-1"]
[TimeControl "90 min / 40 Züge + 30 min + 30 Sek pro Zug"]
[WhiteElo "1780"]
[BlackElo "2012"]

1. e4 c6 2. d4 d5 3. Bd3 dxe4 4. Bxe4 Nf6 5. Bf3 Bf5 6. Ne2 e6 7. Bf4 Qb6 8. Qc1 Na6 9. c3 Nc7 10.
Nd2 Ncd5 11. Nc4 Nxf4 12. Nxb6 Nd3+ 13. Kd2 Nxc1 14. Nxa8 Nxe2 15. Nc7+ Kd7 16. Nxe6 Bxe6 17. Bxe2 Bd6 18.
g3 Re8 19. f3 h5 20. b3 h4 21. Rhg1 g6 22. Raf1 a5 23. Bd1 Rh8 24. Rf2 g5 25. Bc2 hxg3 26. hxg3 Rh3 27. f4 Ng4 28.
Rfg2 gxf4 29. gxf4 Bxf4+ 30. Ke1 Nh2 31. Kd1 Rxc3 32. Rg7 Ke7 33. R7g2 Kd6 34. Rg8 Bd5 35. Rd8+ Ke7 36. Rxd5 cxd5 37.
Re1+ Re3 38. Rh1 Nf3 39. Rf1 Bg3 40. Bf5 Re1+ 41. Rxe1+ Bxe1 42. Bg4 Nh2 43. Bc8 Bc3 44. Bxb7 Kd6 45.
Ke2 Bxd4 46. Bc8 Bc5 47. a3 Ke5 48. b4 axb4 49. axb4 Bxb4 50. Kf2 f5 51. Kg2 Ng4 52. Ba6 Ke4 53.
Kf1 Ke3 54. Bc8 Nh6 55. Ba6 d4 56. Be2 d3 57. Bd1 Nf7 58. Bb3 Nd6 59. Bd1 Ne4 60. Ba4 Nc5 0-1

[Event "2. Itzehoer Schach Open"]
[Site "Itzehoe, Germany"]
[Date "2023.04.30"]
[Round "3.23"]
[White "Frahm, Ben Jonas"]
[Black "Ackermann, Hans-Christian"]
[Result "1-0"]
[TimeControl "90 min / 40 Züge + 30 min + 30 Sek pro Zug"]
[WhiteElo "1406"]
[BlackElo "1722"]

1. e4 e5 2. Nf3 Nc6 3. Bc4 Be7 4. d4 exd4 5. Nxd4 Ne5 6. Bb3 d6 7. h3 Nf6 8. Nc3 c6 9. Be3 a6 10.
f4 Ng6 11. Qe2 Bd7 12. g4 O-O 13. g5 Ne8 14. h4 Qc8 15. h5 Bg4 16. Qg2 Nh8 17. f5 c5 18. Ne6 c4 19. Bxc4 Qxc4 20.
Nxf8 Kxf8 21. Qxg4 Nc7 22. O-O-O Nb5 23. Rd3 Nxc3 24. Rxc3 Qxa2 25. Ra3 Qc4 26. Rd1 d5 27. Rc3 Qa4 28.
Rd4 Qa1+ 29. Kd2 Qxb2 30. Rb3 Qa2 31. Rxd5 Rc8 32. Qd1 b5 33. Bc5 Bxc5 34. Rbd3 Bb4+ 35. Ke3 Re8 36. Rd8 Qa5 37.
R3d5 Qc7 38. R5d7 Qg3+ 39. Ke2 Qg4+ 40. Kf1 Qxg5 41. Rxe8+ Kxe8 42. Rd3 Qe7 43. Qg4 f6 44. h6 g6 45.
fxg6 Nxg6 46. Qc8+ Kf7 47. Rd7 Ne5 48.
Rxe7+ Bxe7 49. Qh8 Ke6 50. Qxh7 1-0

[Event "2. Itzehoer Schach Open"]
[Site "Itzehoe, Germany"]
[Date "2023.04.30"]
[Round "3.3"]
[White "Helmer, Jan"]
[Black "Neuendorf, Max"]
[Result "1-0"]
[TimeControl "90 min / 40 Züge + 30 min + 30 Sek pro Zug"]
[WhiteElo "2091"]
[BlackElo "2000"]

1. Nf3 d5 2. e3 Nf6 3. c4 c6 4. Nc3 e6 5. b3 Bd6 6. Bb2 O-O 7. d4 Nbd7 8. Be2 Qe7 9. O-O dxc4 10.
bxc4 b6 11. Qc2 Bb7 12. Rad1 Rac8 13. Ng5 h6 14. Nge4 Bb8 15. Ng3 c5 16. d5 Bxg3 17. hxg3 exd5 18. cxd5 a6 19. a4 Rfe8 20. Rfe1 Ne4 21. Bf3 Nd6 22. e4 Ne5 23. Be2 Nec4 24.
Bc1 Rcd8 25. f4 Na5 26. e5 Ndc4 27. Qa2 b5 28. axb5 axb5 29. Nxb5 Bxd5 30. Rxd5 Rxd5 31. Bxc4 Nxc4 32.
Qxc4 Qd7 33. Kh2 Rd1 34. Rxd1 Qxd1 35. Nd6 Re7 36. Qxc5 Qh5+ 37. Kg1 Qd1+ 38. Kf2 Kh7 39. Be3 f6 40.
e6 g6 41. f5 gxf5 42. Qxf5+ Kg7 43. Bxh6+ Kxh6 44. Qxf6+ Kh5 45. Qh4+ Kg6 46. Qxe7 Qd4+ 47. Kf3 Qd3+ 48. Kf4 Qf1+ 49.
Ke5 Qa1+ 50. Kd5 Qd1+ 51. Kc6 Qc2+ 52. Kd7 Qa4+ 53. Kd8 Qa5+ 54. Qc7 Qa8+ 55. Ke7 Kg7 56. Qc3 Kh7 57. Qd3 Kg7 58.
Ne8 1-0

[Event "2. Itzehoer Schach Open"]
[Site "Itzehoe, Germany"]
[Date "2023.04.30"]
[Round "3.18"]
[White "Retzlaff, Wolfgang"]
[Black "Graf, David"]
[Result "1/2-1/2"]
[TimeControl "90 min / 40 Züge + 30 min + 30 Sek pro Zug"]
[WhiteElo "1704"]
[BlackElo "1429"]

1. Nf3 Nf6 2. c4 e6 3. d4 b6 4. Bg5 Bb7 5. e3 h6 6. Bh4 g5 7. Bg3 Ne4 8. Nbd2 Nxg3 9. hxg3 d6 10.
g4 Nd7 11. Rh2 Qe7 12. Bd3 O-O-O 13. Be4 Bxe4 14. Nxe4 Bg7 15. Qa4 d5 16. cxd5 exd5 17. Nc3 Kb7 18. Nxd5 Qe6 19. Nc3 a6 20.
Qb3 Qxb3 21. axb3 c5 22. d5 Rhe8 23. O-O-O Nf6 24. Rhh1 Nxg4 25. Rd2 f5 26. Re1 Rd6 27. Ng1 b5 28.
Ree2 Nf6 29. f3 Nh5 30. Re1 1/2-1/2

[Event "2. Itzehoer Schach Open"]
[Site "Itzehoe, Germany"]
[Date "2023.04.30"]
[Round "3.2"]
[White "Kuegel, Tobias"]
[Black "Roebers, Jan"]
[Result "1-0"]
[TimeControl "90 min / 40 Züge + 30 min + 30 Sek pro Zug"]
[WhiteElo "2332"]
[BlackElo "2083"]

1. e4 e5 2. Nf3 Nc6 3. Bb5 a6 4. Bxc6 dxc6 5. O-O Bd6 6. d4 exd4 7. Qxd4 f6 8. Be3 Ne7 9. Nbd2 Be6 10.
Qc3 Qd7 11. Nc4 Bxc4 12. Qxc4 O-O-O 13. Rad1 Ng6 14. Nd4 Ne5 15. Qe2 Ng4 16. Nf5 Nxe3 17. Qxe3 Kb8 18. Rd3 g6 19. Nxd6 cxd6 20.
Rfd1 Qe7 21. Qd2 Kc7 22. Qa5+ Kb8 23. Qd2 Kc7 24. Qa5+ Kb8 25. Qb4 Kc7 26. Rb3 Kb8 27. Qb6 Ka8 28.
Rd4 Rd7 29. h3 f5 30. Re3 f4 31. Red3 g5 32. c4 c5 33. Rxd6 Rxd6 34. Rxd6 Qxe4 35. Qxc5 Qb1+ 36. Kh2 Qxb2 37. a4 Re8 38. Rxa6+ bxa6 39. Qc6+ Ka7 40. Qxe8 Qxf2 41.
Qe7+ Kb6 42. Qxg5 h5 43. a5+ Kc7 44. c5 h4 45. Qe7+ Kc6 46. Qe6+ Kb5 47. c6 Qg3+ 48. Kg1 Qc3 49.
Qf5+ Ka4 50. Qxf4+ Kxa5 51. Qc7+ Ka4 52. Kf2 a5 53. Qd7 Qg3+ 54. Kf1 Qf4+ 55. Ke2 Qe4+ 56. Kd2 Qb4+ 57. Ke3 Qe1+ 58.
Kf4 Qf2 59. Kg4 Qg3 60. Kh5 Qe5+ 61. Kxh4 Qf6 62. Kg4 Qg6 63. Kf3 Qf6+ 64. Ke4 Qg6 65. Ke5 Qg5+ 66. Ke6 Qe3+ 67. Kf5 Qf2+ 68.
Kg6 Qc2+ 69. Kh5 Qc5+ 70. Kh4 Qf2 71. g3 Qf6 72. Kh5 Qe5+ 73. Kg6 Qe4+ 74. Kf6 Qf3+ 75. Kg7 Qc3+ 76. Kh7 Qc2+ 77.
Kh6 Qc1+ 78. Kh5 Qc5+ 79. Kh4 Kb3 80. c7 Qb4+ 81. g4 Qe1+ 82. Kh5 Qe5+ 83. g5 Qe2+ 84. Kh6 1-0

[Event "2. Itzehoer Schach Open"]
[Site "Itzehoe, Germany"]
[Date "2023.04.30"]
[Round "3.1"]
[White "Pitic, Jasmin"]
[Black "Carlstedt, Jonathan"]
[Result "0-1"]
[TimeControl "90 min / 40 Züge + 30 min + 30 Sek pro Zug"]
[WhiteElo "2067"]
[BlackElo "2452"]

1. d4 Nf6 2. c4 e6 3. g3 d5 4. Bg2 c5 5. cxd5 exd5 6. Nf3 Be7 7. O-O O-O 8. dxc5 Bxc5 9. Nc3 Nc6 10.
Bg5 d4 11. Ne4 Be7 12. Nxf6+ Bxf6 13. Bxf6 Qxf6 14. Qd2 Bg4 15. Rfe1 Rfe8 16. Rac1 Rad8 17. Qd3 Re7 18. a3 Bf5 19.
Qd2 h6 20. Rc5 Be4 21. Nh4 Bxg2 22. Nxg2 d3 23. Nf4 Qd4 24. Rc3 dxe2 25. Rd3 g5 26. Rxd4 Nxd4 27. Kg2 gxf4 28. Qxf4 Re6 29. h4 Rd7 30. Qb8+ Kg7 31. Qf4 Rdd6 32.
h5 Kf8 33. Qc1 b6 34. Qc8+ Ke7 35. Qc7+ Rd7 36. Qc3 f5 37. Qb4+ Ke8 38. Qc3 a5 39. a4 Kd8 40. Qc4 Rc6 41.
Qa6 f4 42. f3 fxg3 43. Kxg3 Re6 44. Kf2 Ke7 45. Qd3 Rd5 46. Rg1 Kd6 47. Qa3+ Kc6 48. Qc3+ Kd6 49. Qa3+ Kd7 50. Qc3 Re7 51.
Qc4 Rd6 52. Rc1 Nc6 53. Re1 Rde6 54. f4 Kc7 55. f5 Re4 56. Qd5 Kb7 57. Kf3 R4e5 58. Qd3 Rxf5+ 59. Qxf5 Nd4+ 60. Kf4 Nxf5 61.
Kxf5 Kc6 0-1

[Event "2. Itzehoer Schach Open"]
[Site "Itzehoe, Germany"]
[Date "2023.04.30"]
[Round "3.13"]
[White "Lebiedz, Oliver"]
[Black "Hielscher, Ursula"]
[Result "1-0"]
[TimeControl "90 min / 40 Züge + 30 min + 30 Sek pro Zug"]
[WhiteElo "1921"]
[BlackElo "1702"]

1. d4 d5 2. Nf3 Nf6 3. e3 c6 4. Bd3 Bg4 5. h3 Bh5 6. Nbd2 Nbd7 7. g4 Bg6 8. Qe2 Qc7 9. e4 dxe4 10.
Nxe4 Nxe4 11. Bxe4 Bxe4 12. Qxe4 Nf6 13. Qe2 O-O-O 14. Bd2 e6 15. O-O-O Bd6 16. Kb1 Nd5 17. c4 Nf4 18. Qe4 Ng6 19.
h4 Bf4 20. h5 Bxd2 21. hxg6 Ba5 22. Rxh7 fxg6 23. Qxe6+ Kb8 24.
Rdh1 Rhf8 25. Qe3 Qf7 26. Ng5 Qf6 27. Ne6 Rfe8 28. Qg3+ Kc8 29. Nxd8 Rxd8 30. Qe3 Rxd4 31. Rh8+ Bd8 32.
f3 Qd6 33. Rc1 Rd2 34. Qc3 Qd3+ 35. Qxd3 Rxd3 36. Kc2 Rd7 37. Re1 Kc7 38. c5 Bg5 39. Re2 Rd5 40. b4 a5 41. a3 axb4 42.
axb4 Rd4 43. Re4 Rd2+ 44. Kc3 Rf2 45. Rh3 Kd7 46. Kb3 Rf1 47. Re2 Rb1+ 48. Kc4 Rc1+ 49. Kb3 Rb1+ 50. Rb2 Re1 51.
Kc4 Rc1+ 52. Kd3 Bf6 53. Rb3 Rd1+ 54. Ke2 Rc1 55. f4 Rc4 56. Kf3 Bc3 57. Rh2 Bxb4 58. Rhb2 Bxc5 59. Rxb7+ Ke6 60.
Re2+ Kd6 61. Rxg7 Rc3+ 62. Kg2 Be3 63. Rxg6+ Kd5 64. f5 Bf4 65. f6 1-0

[Event "2. Itzehoer Schach Open"]
[Site "Itzehoe, Germany"]
[Date "2023.04.30"]
[Round "3.19"]
[White "Marzik, Arne"]
[Black "Stiller, Maximilian"]
[Result "0-1"]
[TimeControl "90 min / 40 Züge + 30 min + 30 Sek pro Zug"]
[WhiteElo "1545"]
[BlackElo "1657"]

1. d4 Nf6 2. Nf3 e6 3. g3 d5 4. c4 Be7 5. Bg2 O-O 6. O-O dxc4 7. Qc2 a6 8. Qxc4 b5 9. Qc2 Bb7 10.
Nc3 Nbd7 11. Bf4 c5 12. e4 Rc8 13. Qe2 b4 14. Na4 cxd4 15. Nxd4 e5 16. Nf5 exf4 17. Rfd1 Qe8 18. gxf4 g6 19.
Nd6 Bxd6 20. Rxd6 Qe7 21. Rad1 Rc7 22. Bh3 Re8 23. e5 Nf8 24. Nb6 Nh5 25. Qe3 Qh4 26. R1d4 Ne6 27. Bxe6 Rxe6 28.
Rd8+ Kg7 29. f5 Rec6 30. f6+ Nxf6 31. exf6+ Qxf6 32. h3 Rxb6 33. Qe8 Rc1+ 34. Kh2 Qxf2# 0-1

[Event "2. Itzehoer Schach Open"]
[Site "Itzehoe, Germany"]
[Date "2023.04.30"]
[Round "3.17"]
[White "Schacht, David"]
[Black "Papenfuss, Kai"]
[Result "1/2-1/2"]
[TimeControl "90 min / 40 Züge + 30 min + 30 Sek pro Zug"]
[WhiteElo "1541"]
[BlackElo "1751"]

1. e4 c5 2. Nc3 e6 3. f4 a6 4.
Nf3 d5 5. d3 Nc6 6. g3 g6 7. Bg2 Bg7 8. O-O Nge7 9. Qe2 O-O 10. Bd2 b5 11. Rae1 Nd4 12. Nxd4 cxd4 13. Nd1 a5 14.
exd5 Nxd5 15. c4 dxc3 16. Nxc3 Ba6 17. Nxd5 exd5 18. Bc3 Bxc3 19. bxc3 Rc8 20. Qe5 b4 21. cxb4 Bxd3 22. Rf2 Bc4 23.
Rd1 Re8 24. Qd4 axb4 25. Bxd5 Bxd5 26. Qxd5 Re1+ 27. Rf1 Qb6+ 28. Qd4 Rxf1+ 29. Kxf1 Qa6+ 30. Kg1 Rc2 31. Qxb4 Qa7+ 32. Qd4 Qxa2 33.
Qe4 Qa7+ 34. Qd4 1/2-1/2

[Event "2. Itzehoer Schach Open"]
[Site "Itzehoe, Germany"]
[Date "2023.04.30"]
[Round "3.32"]
[White "Schartl, Richard"]
[Black "Knudsen, Max Leon"]
[Result "0-1"]
[TimeControl "90 min / 40 Züge + 30 min + 30 Sek pro Zug"]
[WhiteElo "849"]
[BlackElo "931"]

1. e4 g6 2. Nc3 Bg7 3. Nf3 d6 4. d4 a6 5. a4 b6 6. Bf4 Bb7 7. Bc4 Nd7 8. O-O Ngf6 9. Ng5 O-O 10.
Nf3 Nxe4 11. Nxe4 Bxe4 12. d5 e6 13. dxe6 fxe6 14. Re1 Rxf4 15. g3 Bxf3 16. Be2 Bxe2 17. Qxe2 Rf6 18. f4 e5 19. Qc4+ Kh8 20. fxe5 Nxe5 21.
g4 Nxc4 0-1

[Event "2. Itzehoer Schach Open"]
[Site "Itzehoe, Germany"]
[Date "2023.04.30"]
[Round "3.16"]
[White "Harten, Jan"]
[Black "Hieke, Jonas"]
[Result "1/2-1/2"]
[TimeControl "90 min / 40 Züge + 30 min + 30 Sek pro Zug"]
[WhiteElo "1819"]
[BlackElo "1584"]

1. e4 e5 2. Nf3 Nc6 3. Bc4 Nf6 4. Nc3 Nxe4 5. Nxe4 d5 6. Qe2 dxc4 7. Qxc4 Be6 8. Qe2 Bg4 9. c3 Be7 10.
h3 Be6 11. O-O O-O 12. d3 a6 13. Ng3 f6 14. d4 Qd5 15. dxe5 Nxe5 16. Nd4 Bc5 17. Nxe6 Qxe6 18. Be3 Qb6 19.
Bf4 Ng6 20. Qc4+ Rf7 21. b4 Bd6 22. Bxd6 Qxd6 23. Rad1 Ne5 24. Qb3 1/2-1/2

[Event "2. Itzehoer Schach Open"]
[Site "Itzehoe, Germany"]
[Date "2023.04.30"]
[Round "3.28"]
[White "Wibmer, Michael"]
[Black "Haertel, Leon"]
[Result "1-0"]
[TimeControl "90 min / 40 Züge + 30 min + 30 Sek pro Zug"]
[WhiteElo "1675"]
[BlackElo "1323"]

1. e4 c5 2. Nf3 Nc6 3. d4 cxd4 4. Nxd4 g6 5. c4 Bg7 6. Be3 Qb6 7. Nb3 Qd8 8. Nc3 Nf6 9. Be2 O-O 10.
O-O d6 11. Rc1 Be6 12. Nd4 Nxd4 13. Bxd4 Nd7 14. Bxg7 Kxg7 15. Nd5 Nc5 16. Bf3 Rc8 17. b4 Nd7 18. Qd4+ Ne5 19. Be2 Bxd5 20.
exd5 Kg8 21. f4 Nd7 22. Bg4 f5 23. Bf3 b6 24. Rfe1 Rc7 25. Rc3 Rf7 26. a4 a5 27. bxa5 bxa5 28.
Rb1 Nc5 29. Rb5 Rc8 30. Rc1 Qc7 31. Ra1 Rff8 32. Qe3 Rfe8 33.
Rab1 Rcd8 34. Qd2 Ra8 35. Kh1 Ra7 36. Qc2 Rc8 37. h3 Nd7 38. Be2 Nc5 39. Bf3 Nd7 40. Be2 Nf6 41. Bd3 Nd7 42.
Qe2 Nc5 43. Bc2 Re8 44. Rb6 Rb7 45. Rxb7 Nxb7 46. Qd2 Nc5 47. Rb5 Ra8 48. Qe1 Kf8 49. Qb1 Qd7 50. Qb2 Kf7 51. Qc3 Qd8 52.
Qe1 Qc7 53. g4 fxg4 54. hxg4 Qd7 55. Qh4 Kg7 56. f5 Rh8 57. Qg5 Qd8 58. Kg2 Qe8 59. Rxa5 Nd7 60. Ra7 Nf6 61. Kf3 h5 62.
gxh5 Rxh5 63. Qxg6+ Qxg6 64. fxg6 Rh3+ 65. Kg2 Re3 66. a5 Kf8 67. Ba4 Ra3 68. Bb5 Ra2+ 69. Kf3 Ra3+ 70. Ke2 1-0

[Event "2. Itzehoer Schach Open"]
[Site "Itzehoe, Germany"]
[Date "2023.04.30"]
[Round "3.27"]
[White "Junge, Julia Marie"]
[Black "Wolf, Finn"]
[Result "0-1"]
[TimeControl "90 min / 40 Züge + 30 min + 30 Sek pro Zug"]
[WhiteElo "1367"]
[BlackElo "1677"]

1. e4 c5 2. Nf3 d6 3. d4 cxd4 4. Nxd4 Nf6 5. Nc3 a6 6. Be3 e5 7. Nb3 Be6 8. Nd5 Bxd5 9. exd5 Nbd7 10.
Be2 Be7 11. O-O O-O 12. f4 exf4 13. Rxf4 Re8 14. c4 Rc8 15. Nd4 Bf8 16. Bf2 Re4 17. Qd2 Rxf4 18. Qxf4 Ne5 19. b3 Ng6 20.
Qf3 Qd7 21. Qf5 Qxf5 22. Nxf5 Ne5 23. Bg3 Nfd7 24. Bh4 Re8 25. Re1 g6 26. Nd4 Bg7 27. Bg4 Kf8 28. Bg3 Nc5 29. Be2 h5 30.
Nf3 Nxf3+ 31. Bxf3 Rxe1+ 32. Bxe1 Be5 33. g4 hxg4 34. Bxg4 f5 35. Be2 Kg7 36. b4 Nd7 37. h4 b6 38.
Kg2 Bd4 39. Bg3 Ne5 40. a4 Kf6 41. Bf2 Bxf2 42. Kxf2 a5 43. bxa5 bxa5 44. Ke3 Nd7 45. Kd4 Nc5 46. Bd1 g5 47.
hxg5+ Kxg5 48. Ke3 f4+ 49. Kf3 Kf5 50. Bc2+ Ke5 51. Bd1 Nd3 52. Ke2 Nb2 53. Bb3 Kd4 54. Kf3 Nxc4 55. Kxf4 Kxd5 56.
Kf5 Kd4 57. Ke6 d5 58. Kd7 Kc3 59. Bd1 Nb2 60. Kc6 Nxd1 61. Kxd5 Kb4 62. Kd4 Kxa4 63. Kd3 Kb3 64. Kd2 a4 65.
Kc1 Nc3 0-1

[Event "2. Itzehoer Schach Open"]
[Site "Itzehoe, Germany"]
[Date "2023.04.30"]
[Round "3.10"]
[White "Helms, Finn"]
[Black "Vieito, Luis-Maria"]
[Result "1-0"]
[TimeControl "90 min / 40 Züge + 30 min + 30 Sek pro Zug"]
[WhiteElo "2002"]
[BlackElo "1773"]

1. e4 e5 2. Nf3 Nc6 3. Bc4 Be7 4.
O-O Nf6 5. d4 d6 6. Nc3 O-O 7. h3 Nxe4 8. Nxe4 d5 9. Bxd5 Qxd5 10. Nc3 Qa5 11. d5 Rd8 12. Qe2 Nb4 13. Nxe5 Bf5 14.
Nc4 Qa6 15. Bf4 Bf6 16. Ne3 Bxc3 17. Qxa6 bxa6 18. Bxc7 Rd7 19. bxc3 Nxd5 20. Nxf5 Rxc7 21. Rfe1 Nxc3 22. Re5 g6 23.
Ne3 Rb8 24. g4 Rb5 25. Re8+ Kg7 26. h4 h5 27. a4 Rb4 28. gxh5 Rxh4 29. hxg6 fxg6 30. Kg2 Rh5 31. Ra3 Rg5+ 32.
Kf1 Ra5 33. Rb3 Rxa4 34. Rbb8 Rd7 35. f3 Ra1+ 36. Kg2 Rd2+ 37. Kh3 Rh1+ 38. Kg3 Ne2+ 39. Kg2 Rh5 40. Ng4 Nf4+ 41. Kg3 Ne2+ 42.
Kf2 Nc3+ 43. Ke3 Re2+ 44. Kd3 Rxe8 45. Rxe8 Kf7 46. Ra8 Nb5 47. c4 Nd6 48. Rxa7+ Ke6 49. Rxa6 Rc5 50. Nf2 Rxc4 51.
Rxd6+ Kxd6 52. Kxc4 Ke5 53. Kd3 Kf4 54. Ke2 g5 55. Ng4 Kg3 56. Ke3 Kg2 57. Ke4 Kg3 58. Ne5 Kh4 59. Kf5 Kh5 1-0

[Event "2. Itzehoer Schach Open"]
[Site "Itzehoe, Germany"]
[Date "2023.04.30"]
[Round "3.35"]
[White "Offenbaecher, Julius"]
[Black "Stehle, Fabian"]
[Result "0-1"]
[TimeControl "90 min / 40 Züge + 30 min + 30 Sek pro Zug"]
[WhiteElo "1128"]
[BlackElo "1569"]

1. e4 c5 2. Nc3 Nc6 3. Bb5 Nd4 4. Nf3 g6 5. Nxd4 cxd4 6. Ne2 Bg7 7. Bd3 e5 8. b3 Ne7 9. Bb2 O-O 10.
O-O d5 11. h3 Kh8 12. f4 f5 13. exd5 Qxd5 14. Bc4 Qc5 15. Kh1 b5 16. b4 Qxc4 17. a4 Qxb4 18. Ba3 Qc4 19. Bxe7 Re8 20.
Bd6 Bb7 21. fxe5 Bxe5 22. Bxe5+ Rxe5 23. Rf2 Rae8 24. d3 Qd5 25. axb5 Re3 26. Nf4 Qxb5 27. Re2 g5 28. Rxe3 Rxe3 29.
Ne2 Rxh3+ 30. Kg1 Qd5 31. Qf1 Re3 32. Qf2 Qxg2+ 33. Qxg2 Bxg2 34. Kf2 Re7 35. Nxd4 Bd5 36. Nxf5 Rf7 37.
Ra5 Rxf5+ 38. Ke3 Be6 39. Rxa7 Rf4 40. Ra5 h6 41. Ra6 Rf6 42. d4 Kg7 43. Ke4 0-1

[Event "2. Itzehoer Schach Open"]
[Site "Itzehoe, Germany"]
[Date "2023.04.30"]
[Round "3.25"]
[White "Oblender, Rudi"]
[Black "Recklies, Volker"]
[Result "1/2-1/2"]
[TimeControl "90 min / 40 Züge + 30 min + 30 Sek pro Zug"]
[WhiteElo "1391"]
[BlackElo "1701"]

1. e4 c6 2. Nf3 d5 3. exd5 cxd5 4. d4 Nc6 5. c3 Nf6 6. Nbd2 g6 7. Nb3 Bg7 8. Bd2 O-O 9. Qc1 Re8 10.
Bb5 Bd7 11. Bxc6 Bxc6 12. O-O Ne4 13. Re1 Rc8 14. Bh6 Qd6 15.
Qf4 1/2-1/2

[Event "2. Itzehoer Schach Open"]
[Site "Itzehoe, Germany"]
[Date "2023.04.30"]
[Round "3.6"]
[White "Lichtmannecker, Daniel"]
[Black "Fuhrmann, Bahne"]
[Result "1/2-1/2"]
[TimeControl "90 min / 40 Züge + 30 min + 30 Sek pro Zug"]
[WhiteElo "2162"]
[BlackElo "2035"]

1. e4 e5 2. Nf3 Nc6 3. Bb5 a6 4. Ba4 Nf6 5. O-O Nxe4 6. d4 Be7 7. Re1 b5 8. Bb3 d5 9. dxe5 Be6 10.
c3 Nc5 11. Bc2 O-O 12. Nd4 Qd7 13. Nd2 f5 14. N2f3 Ne4 15. Nxc6 Qxc6 16. a4 Qd7 17. Nd4 c5 18. Nxe6 Qxe6 19.
f3 Ng5 20. axb5 axb5 21. Rxa8 Rxa8 22. Bxg5 Bxg5 23. Qd3 Kf7 24. Qxb5 Be7 25. f4 Ra6 26. Bxf5 Qb6 27. Qd7 Qc6 28.
Rd1 d4 29. Qxc6 Rxc6 30. Kf1 Rb6 31. cxd4 cxd4 32. Rd2 g6 33. Bd3 Ke6 34. Ke2 Kd5 35. Rc2 g5 36. g3 gxf4 37. gxf4 Rh6 38.
Kf1 Rh3 39. Be2 d3 40. Rd2 Ke4 41. Kg2 dxe2 42. Rxe2+ Re3 43. Rxe3+ Kxe3 44. Kg3 Ke4 45. Kg4 h5 46. Kxh5 Kxf4 47.
Kg6 Kxe5 48. b4 Bxb4 49. h4 Bd2 50. h5 Bc1 51. Kg7 Kd4 52. h6 Bxh6+ 1/2-1/2